 Dungeon Crawl Stone Soup version 0.28.0-53-g5a82cb258f (webtiles) character file.

Game seed: 562199915378866553

14368 issech the Cruncher (level 11, -3/89 HPs)
             Began as a Minotaur Monk on June 5, 2022.
             Was an Elder of Hepliaklqana.
             Slain by a reaper
             ... wielding a +0 scythe of freezing
              (6 damage)
             ... in an ice cave.
             The game lasted 00:44:28 (11674 turns).

issech the Cruncher (Minotaur Monk)                Turns: 11674, Time: 00:44:29

Health: -3/89      AC: 28    Str: 23    XL:     11   Next: 87%
Magic:  10/10      EV: 15    Int:  7    God:    Hepliaklqana [****..]
Gold:   646        SH:  0    Dex: 18    Spells: 10/10 levels left

rFire   x . .      SeeInvis .   T - +7 staff of the Meek {protect, meekguard}
rCold   + . .      Faith    .   (shield currently unavailable)
rNeg    + . .      Spirit   .   a - +5 ring mail of the True Pharaoh {rN+ Will+ Dex+2}
rPois   .          Reflect  .   (helmet restricted)
rElec   .          Harm     .   (no cloak)
rCorr   .          Rampage  .   B - +0 pair of gloves
Will    +....                   U - +0 pair of boots
Stlth   ++++......              p - amulet of regeneration
HPRegen 1.04/turn               o - ring "Enobeod" {Str+6 Slay+3 Stlth+}
MPRegen 0.12/turn               b - ring of ice

@: under a protective aura
A: reduced essence, horns 2, retaliatory headbutt
a: Renounce Religion, Recall Ancestor, Ancestor Identity, Transference, Idealise


You were in an ice cave.
You worshipped Hepliaklqana.
Hepliaklqana was greatly pleased with you.
You visited 2 branches of the dungeon, and saw 12 of its levels.
You also visited: Ice Cave.

You collected 646 gold pieces.

Inventory:

Hand Weapons
 m - a +2 dagger of venom
 y - a +2 vorpal flail
 D - a +2 shortbow of freezing
 H - a +2 dagger of protection
 I - a +0 hunting sling
 T - the +7 staff of the Meek (weapon) {protect, meekguard}
   (You found it on level 6 of the Dungeon)

   It grants its wielder temporary protection when it strikes (+7 to AC).
   It provides extra protection to wielders with little health.
 Y - a +5 flail of freezing
Missiles
 d - 173 arrows
 g - 300 stones
 j - 5 javelins
 n - 92 bolts
 r - 44 sling bullets
 u - a curare-tipped dart
 v - 8 boomerangs (quivered)
 R - a throwing net
 W - 14 poisoned darts
Armour
 a - the +5 ring mail of the True Pharaoh (worn) {rN+ Will+ Dex+2}
   (You found it on level 5 of the Dungeon)

   Dex:       It affects your dexterity (+2).
   rN:        It protects you from negative energy.
   Will:      It increases your willpower.
 e - +0 fire dragon scales
 z - a +0 plate armour
 B - a +0 pair of gloves (worn)
 M - a +0 buckler
 Q - a +2 troll leather armour {Snorg}
 U - a +0 pair of boots (worn)
Jewellery
 b - a ring of ice (right hand)
 o - the ring "Enobeod" (left hand) {Str+6 Slay+3 Stlth+}
   (You acquired it on level 10 of the Dungeon)

   [ring of strength]

   Str:       It affects your strength (+6).
   Slay:      It affects your accuracy & damage with ranged weapons and melee
   (+3).
   Stlth:     It makes you more stealthy.
 p - an amulet of regeneration (around neck)
 C - a ring of fire
 F - a ring of wizardry
 K - a ring of magical power
 O - a ring of willpower
Wands
 c - a wand of flame (19)
 x - a wand of mindburst (12)
 V - a wand of iceblast (9)
Scrolls
 h - 2 scrolls of summoning
 i - 3 scrolls of blinking
 t - 2 scrolls of teleportation
 w - 2 scrolls of fear
 A - 2 scrolls of fog {unknown}
 G - 3 scrolls of torment {unknown}
 L - 2 scrolls of enchant armour {unknown}
 Z - a scroll of vulnerability {unknown}
Potions
 f - 3 potions of heal wounds {unknown}
 k - a potion of might {unknown}
 l - 3 potions of invisibility {unknown}
 q - a potion of mutation {unknown}
 s - 5 potions of lignification {unknown}
 E - 2 potions of degeneration {unknown}
 J - a potion of berserk rage {unknown}
 P - 2 potions of curing
 S - 2 potions of resistance {unknown}
 X - 2 potions of flight {unknown}


   Skills:
 + Level 10.0 Fighting
 + Level 5.9 Short Blades
 + Level 5.6 Axes
 + Level 12.1 Staves
 + Level 2.6 Throwing
 + Level 9.4 Armour
 + Level 7.4 Dodging
 + Level 7.5 Stealth
 + Level 0.1 Shields


You had 10 spell levels left.
You didn't know any spells.
Your spell library contained the following spells:

 Spells                   Type           Power      Damage    Failure   Level
 Portal Projectile        Hex/Tloc       0%         N/A       90%         3
 Blade Hands              Tmut           0%         N/A       100%        5
 Excruciating Wounds      Necr           0%         N/A       100%        5


Dungeon Overview and Level Annotations

Branches:
Dungeon (11/15)            Temple (1/1) D:5            Lair (0/6) D:10
    Orc (0/2) D:11          IceCv (1/1)

Altars:
Ashenzari
Cheibriados
Dithmenos
Elyvilon
Fedhas
Gozag
Hepliaklqana
Kikubaaqudgha
Makhleb
Nemelex Xobeh
Okawaru
Qazlal
Ru
Sif Muna
Trog
Uskayaw
Vehumet
Wu Jian
Xom
Yredelemnul
Zin
The Shining One

Annotations:
D:7 exclusion: 4 orange crystal statues


Innate Abilities, Weirdness & Mutations

Your life essence is reduced to manifest your ancestor. (-10% HP)
You have a pair of horns on your head.
You reflexively headbutt those who attack you in melee.


Message History

Okay, then.
The reaper whispers, "Time's up, issech!"
There is an ice choked empty arch of ancient stone here.
There is an ice covered gate leading back out of this place here.
Okay, then.
The reaper hits you with a +0 scythe of freezing!!!
The reaper freezes you!
You barely miss the reaper. The reaper misses you.
You hit the reaper.
Your weapon exudes an aura of protection.
The reaper is lightly wounded.
The reaper hits you with a +0 scythe of freezing.
You hit the reaper.
You headbutt the reaper, but do no damage.
The reaper is lightly wounded.
You sock the reaper!
The reaper is moderately wounded.
The reaper hits you with a +0 scythe of freezing!
The reaper freezes you.
* * * LOW HITPOINT WARNING * * *
You hit the reaper.
You headbutt the reaper, but do no damage.
The reaper is moderately wounded.
The reaper closely misses you.
Unknown command.
You hit the reaper but do no damage.
The reaper is moderately wounded.
You barely miss the reaper.
The reaper is moderately wounded.
The reaper misses you.
You bludgeon the reaper!!
The reaper is heavily wounded.
The reaper misses you.
You closely miss the reaper. You headbutt the reaper.
The reaper is heavily wounded.
Tawil emerges from the mists of memory!
The reaper hits you with a +0 scythe of freezing!!
* * * LOW HITPOINT WARNING * * *
The reaper freezes you.
You die...

##### ##...##
##..∩..##
#...@...#
#...2...#
##...R.##
##...## #####
##...# .###...##
#...##
.........##
#...##
..##......#
##...## ...
##....######...#


You could see the friendly Tawil the battlemage and a reaper (ally target).

Vanquished Creatures
  Snorg (D:10)
  A hydra (D:10)
  An ugly thing (D:11)
  2 ice statues (IceCv)
  A rime drake (D:11)
  6 ice devils (IceCv)
  A troll (D:9)
  Sigmund (D:2)
  5 yaks
  2 wyverns
  Menkaure (D:5)
  2 wargs (D:10)
  An acid dragon (D:8)
  2 orc warriors (D:9)
  An ice beast (D:8)
  A black bear (D:4)
  3 ogres (D:5)
  A centaur (D:5)
  A phantom (D:4)
  A kobold brigand (D:8)
  3 bullfrogs
  A wyvern zombie (D:7)
  A gnoll sergeant (D:8)
  2 two-headed ogre simulacra (IceCv)
  A water moccasin skeleton (D:6)
  2 elephant simulacra (IceCv)
  2 wights (D:8)
  A howler monkey (D:8)
  2 centaur zombies
  A bullfrog zombie (D:5)
  2 gnoll shamans
  2 jellies
  4 orc priests
  3 hounds
  A bullfrog skeleton (D:5)
  A centaur skeleton (D:7)
  An orc wizard (D:9)
  An iguana (D:4)
  A polar bear simulacrum (IceCv)
  2 spriggan simulacra (IceCv)
  A troll simulacrum (IceCv)
  A wolf simulacrum (IceCv)
  A hound skeleton (D:4)
  A howler monkey zombie (D:5)
  A howler monkey skeleton (D:4)
  13 gnolls
  9 adders
  4 white imps
  2 ufetubi
  A worm (D:3)
  3 dart slugs
  14 orcs
  A bat (D:1)
  5 endoplasms
  4 giant cockroaches
  6 goblins
  4 hobgoblins
  2 quokkas
  5 ball pythons
  5 frilled lizards
  13 kobolds
  4 rats
169 creatures vanquished.

Vanquished Creatures (collateral kills)
  Fannar (D:10)
  An ugly thing (D:10)
  A centaur zombie (D:9)
  A rime drake (D:11)
  A freezing wraith (IceCv)
  A hornet (D:7)
  2 wraiths (D:10)
  A shadow (D:8)
  A steam dragon (D:9)
  10 yaks
  2 death yak simulacra (IceCv)
  A warg (D:10)
  A water moccasin (D:7)
  2 orc warriors
  2 ice beasts
  A black bear (D:7)
  An ogre (D:6)
  A necrophage (D:8)
  2 centaurs
  A kobold brigand (D:8)
  2 bullfrogs (D:9)
  A scorpion (D:6)
  3 wights (D:8)
  A killer bee (D:8)
  3 howler monkeys
  2 orc priests
  2 bullfrog skeletons
  A jelly (D:6)
  An orc wizard (D:6)
  5 gnolls
  A white imp (IceCv)
  An ufetubus (IceCv)
  9 orcs
  5 kobolds (D:8)
  A quokka (D:5)
72 creatures vanquished.

Vanquished Creatures (others)
  6 battlemagi
  A plant (D:10)
7 creatures vanquished.

Grand Total: 248 creatures vanquished

Notes
Turn   | Place    | Note
-------+----------+-------------------------------------------
     0 | D:1      | issech the Minotaur Monk began the quest for the Orb.
     0 | D:1      | Reached XP level 1. HP: 19/19 MP: 0/0
   330 | D:1      | Reached XP level 2. HP: 27/27 MP: 1/1
   466 | D:1      | Found a faded altar of an unknown god.
  1028 | D:1      | Reached XP level 3. HP: 33/33 MP: 2/2
  1307 | D:2      | Reached skill level 1 in Armour
  1711 | D:2      | Noticed Sigmund
  1741 | D:2      | Killed Sigmund
  1742 | D:2      | Reached skill level 5 in Axes
  1742 | D:2      | Reached XP level 4. HP: 30/41 MP: 3/3
  1742 | D:2      | Reached XP level 5. HP: 35/47 MP: 4/4
  2677 | D:3      | Reached XP level 6. HP: 47/55 MP: 5/5
  3383 | D:4      | Reached skill level 1 in Short Blades
  3555 | D:4      | Reached skill level 5 in Armour
  3570 | D:4      | Reached skill level 5 in Fighting
  3580 | D:4      | Reached XP level 7. HP: 48/61 MP: 6/6
  4169 | D:5      | Entered Level 5 of the Dungeon
  4231 | D:5      | Found a staircase to the Ecumenical Temple.
  4254 | D:4      | Reached skill level 1 in Throwing
  4328 | Temple   | Entered the Ecumenical Temple
  4676 | Temple   | Became a worshipper of Hepliaklqana the Forgotten
  4676 | Temple   | Reached * piety under Hepliaklqana
  4676 | Temple   | Reached ** piety under Hepliaklqana
  4677 | Temple   | Remembered your ancestor Tawil as a battlemage
  4813 | D:5      | Noticed Menkaure
  4850 | D:5      | Killed Menkaure
  4851 | D:5      | Reached XP level 8. HP: 12/62 MP: 7/7
  4942 | D:5      | Identified the +5 ring mail of the True Pharaoh {rN+ Will+
                  | Dex+2}
  5254 | D:5      | Found a shadowy altar of Dithmenos.
  6679 | D:6      | Found the +7 staff of the Meek {protect, meekguard}
  6757 | D:7      | Found a runed translucent door.
  6763 | D:7      | Reached skill level 5 in Short Blades
  6768 | D:7      | Found the +10 tower shield of Ignorance {rN+ Int-4}
  6771 | D:7      | Noticed an orange crystal statue
  6771 | D:7      | Noticed an orange crystal statue
  6771 | D:7      | Noticed an orange crystal statue
  6771 | D:7      | Noticed an orange crystal statue
  6843 | D:7      | Reached skill level 1 in Staves
  6843 | D:7      | Reached XP level 9. HP: 63/67 MP: 8/8
  6874 | D:7      | Found a runed translucent door.
  6882 | D:7      | Reached *** piety under Hepliaklqana
  6902 | D:7      | Reached skill level 2 in Staves
  6902 | D:7      | Reached skill level 5 in Dodging
  7148 | D:7      | Reached skill level 3 in Staves
  7684 | D:7      | Lost intelligence.
  8476 | D:8      | Reached skill level 4 in Staves
  8648 | D:8      | Reached skill level 5 in Staves
  9275 | D:8      | Reached skill level 6 in Staves
  9340 | D:9      | Reached XP level 10. HP: 41/77 MP: 9/9
  9451 | D:9      | Reached **** piety under Hepliaklqana
  9635 | D:9      | Reached skill level 7 in Staves
  9639 | D:9      | Reached skill level 5 in Stealth
  9658 | D:9      | Reached skill level 8 in Staves
 10146 | D:10     | Entered Level 10 of the Dungeon
 10146 | D:10     | Noticed Snorg
 10156 | D:10     | Killed Snorg
 10157 | D:10     | Reached skill level 9 in Staves
 10164 | D:10     | Found a staircase to the Lair.
 10284 | D:10     | Noticed a cyan ugly thing
 10296 | D:10     | Killed a cyan ugly thing
 10297 | D:10     | Reached XP level 11. HP: 48/85 MP: 10/10
 10354 | D:10     | Reached skill level 10 in Staves
 10383 | D:10     | Noticed an eight-headed hydra
 10392 | D:10     | Killed an eight-headed hydra
 10472 | D:10     | Noticed Fannar
 10486 | D:10     | Killed Fannar
 10601 | D:10     | Identified a scroll of acquirement
 10608 | D:10     | Acquired the ring "Enobeod" {Str+6 Slay+3 Stlth+}
 10862 | D:11     | Noticed a cyan ugly thing
 10871 | D:11     | Killed a cyan ugly thing
 10872 | D:11     | Reached skill level 11 in Staves
 10923 | D:11     | Found a frozen archway.
 10948 | IceCv    | Entered an ice cave
 11506 | IceCv    | Noticed a reaper
 11546 | IceCv    | Reached skill level 12 in Staves
 11602 | IceCv    | Reached skill level 10 in Fighting
 11674 | IceCv    | HP: 3/89 [reaper/+0 scythe of freezing (26)]
 11674 | IceCv    | Slain by a reaper

Illustrated notes

Levels and vault maps discovered:
D:1:      minmay_arrival_shoal_huts, layout_loops_ring,
          shapermc_ecumenical_altar_venn, chequers_arboretum, hex_tiny
D:2:      layout_loops_cross, uniq_sigmund
D:3:      layout_loops_corners, kennysheep_generic_room_16
D:4:      layout_basic
D:5:      layout_loops_ring, mainiacjoe_overflow_six_doors_small,
          minmay_temple_entry_wispy, supply_closet_lemuel,
          kennysheep_generic_room_10, uniq_menkaure
D:6:      layout_gridville
D:7:      layout_loops_cross, chequers_guarded_unrand_ignorance
D:8:      layout_basic, kennysheep_generic_room_14
D:9:      wander_river, layout_small_grid, st_stairs_8, minmay_holes,
          hangedman_glass_teeth, kennysheep_potato
D:10:     layout_cave_pools, erik_lair_orcish_takeover, dk_vineyard_2,
          uniq_fannar, uniq_snorg
D:11:     layout_long_grid, hiddenorc1_lemuel, portal_ice_cave_rime
Temple:   mainiacjoe_temple_circle_huts
IceCv:    ice_cave_small_demon

Skill      XL: |  1  2  3  4  5  6  7  8  9 10 11 |
---------------+----------------------------------+-----
Fighting       | 4 5 6 7 8 10 | 10.0
Axes           | 4 5 |  5.6
Armour         | 2 3 5 6 8 9 |  9.4
Dodging        | 4 6 7 |  7.4
Stealth        | 2 3 4 6 7 |  7.5
Short Blades   | 1 3 5 |  5.9
Throwing       | 1 2 |  2.6
Staves         | 1 6 9 12 | 12.1
Shields        | |  0.1

Action                   |  1- 3 |  4- 6 |  7- 9 | 10-12 || total
-------------------------+-------+-------+-------+-------++-------
Melee: Hand axe          |    77 |       |       |       ||    77
       Headbutt          |     8 |    24 |    40 |    72 ||   144
       Dagger            |    13 |    95 |   131 |       ||   239
       Punch             |     1 |     2 |     2 |       ||     5
       Quarterstaff      |       |       |    94 |   230 ||   324
Throw: Stone             |     1 |       |       |       ||     1
       Boomerang         |       |       |     8 |     5 ||    13
Invok: Ancestor Life: Ba |       |       |     1 |       ||     1
Evoke: Wand              |       |       |       |     1 ||     1
  Use: Scroll            |       |       |     1 |     8 ||     9
 Stab: Sleeping          |       |       |     9 |     4 ||    13
       Distracted        |       |       |     4 |    10 ||    14
Armor: Leather armour    |     3 |       |       |       ||     3
       Robe              |     2 |       |       |       ||     2
       Fire dragon scale |    32 |    36 |    13 |       ||    81
       Ring mail         |       |       |   111 |   110 ||   221
Dodge: Dodged            |    49 |    41 |   197 |   135 ||   422
Block: Buckler           |       |       |     3 |       ||     3
